 Dungeon Crawl Stone Soup version 0.22-a0-460-g49b1da7 (webtiles) character file.

10113 PegasusDuck the Thrower (level 11, -9/97 HPs)
             Began as a Ghoul Gladiator on June 9, 2018.
             Was a High Priest of Okawaru.
             Hit by a large rock thrown by a cyclops (34 damage)
             ... on level 11 of the Dungeon.
             The game lasted 00:21:48 (9679 turns).

PegasusDuck the Thrower (Ghoul Gladiator)           Turns: 9679, Time: 00:21:48

Health: -9/97      AC: 10    Str: 20    XL:     11   Next: 57%
Magic:  0/10       EV:  6    Int:  4    God:    Okawaru [*****.]
Gold:   573        SH:  3    Dex: 11    Spells: 10/10 levels left

rFire    + . .     SeeInvis .     - Unarmed
rCold    + + +     Gourm    .   n - +0 buckler
rNeg     + + +     Faith    .   r - +0 plate armour
rPois    ∞         Spirit   +   (no helmet)
rElec    +         Reflect  .   (no cloak)
rCorr    .         Harm     .   (no gloves)
MR       +....                  (no boots)
Stlth    ..........             i - amulet of guardian spirit
HPRegen  0.00/turn              J - ring of Xom's Whimsicality {rElec rF+ rC+ rN+ Stlth+}
MPRegen  0.12/turn              u - ring of Ygehi {+Inv rPois rC+ MR+}

@: rotting, hasted, very quick
A: rotting body, claws 1, carnivore, cold resistance 1, negative energy
resistance 3, inhibited regeneration, torment resistance, unbreathing
a: Heroism, Finesse, Renounce Religion, Evoke Invisibility


You were on level 11 of the Dungeon.
You worshipped Okawaru.
Okawaru was extremely pleased with you.
You were not hungry.

You visited 1 branch of the dungeon, and saw 11 of its levels.
You also visited: Sewer.

You collected 606 gold pieces.
You spent 33 gold pieces at shops.

Inventory:

Hand Weapons
 b - a +1 blowgun
Missiles
 c - 2 throwing nets {!f}
 f - 300 stones
 l - 74 poisoned needles
 o - 14 tomahawks
 v - 3 curare-tipped needles
 A - 9 javelins of returning (quivered)
 E - 8 needles of confusion
 G - 6 needles of frenzy
 M - 4 poisoned javelins
 N - 9 javelins of penetration
Armour
 a - a +0 leather armour
 n - a +0 buckler (worn)
 r - a +0 plate armour (worn)
Jewellery
 h - an uncursed amulet of the gourmand {unknown}
 i - an amulet of guardian spirit (around neck)
 k - an uncursed ring of wizardry
 q - an uncursed amulet of harm {unknown}
 u - the ring of Ygehi (right claw) {+Inv rPois rC+ MR+}
   (You found it on level 7 of the Dungeon)

   [ring of protection from cold]

   It protects you from cold.
   It protects you from poison.
   It affects your resistance to hostile enchantments.
   It lets you turn invisible.
 z - a +3 ring of evasion
 D - an uncursed ring of flight
 H - a cursed -3 ring of strength {unknown}
 J - the ring of Xom's Whimsicality (left claw) {rElec rF+ rC+ rN+ Stlth+}
   (You found it on level 9 of the Dungeon)

   [ring of stealth]

   It protects you from fire.
   It protects you from cold.
   It insulates you from electricity.
   It protects you from negative energy.
   It makes you more stealthy.
 L - a cursed +2 ring of slaying {unknown}
 O - an uncursed ring of protection from magic {unknown}
Wands
 p - a wand of digging (13)
 C - a wand of random effects (70)
Scrolls
 e - 6 scrolls of amnesia
 j - 6 scrolls of teleportation
 m - 2 scrolls of immolation
 y - a scroll of noise
 F - a scroll of remove curse
 I - a scroll of vulnerability {unknown}
Potions
 g - 3 potions of curing
 t - 2 potions of might
 w - 2 potions of brilliance
 x - 2 potions of haste
 B - 2 potions of degeneration
 K - a potion of invisibility {unknown}
 P - a potion of magic {unknown}
Comestibles
 d - 20 rations


   Skills:
 - Level 9.0 Fighting
 - Level 12.0 Throwing
 + Level 1.5 Armour
 + Level 3.3 Dodging
 + Level 1.5 Shields
 - Level 10.0 Unarmed Combat


You had 10 spell levels left.
You didn't know any spells.
Your spell library contained the following spells:

 Spells                   Type           Power        Failure   Level  Hunger
 Lightning Bolt           Conj/Air       #.........   100%        5    ######.
 Throw Frost              Conj/Ice       #.....       100%        2    ###....
 Freeze                   Ice            #...         100%        1    ##.....
 Summon Ice Beast         Ice/Summ       #.......     100%        4    #####..
 Ozocubu's Armour         Chrm/Ice       #.......     100%        3    ####...
 Shock                    Conj/Air       #...         100%        1    ##.....
 Swiftness                Chrm/Air       #.......     100%        2    ###....
 Spider Form              Tmut/Pois      #.........   100%        3    ####...
 Blade Hands              Tmut           #.........   100%        5    ######.
 Ice Form                 Ice/Tmut       #.......     100%        4    #####..
 Throw Icicle             Conj/Ice       #.......     100%        4    #####..
 Airstrike                Air            #.........   100%        4    #####..
 Sticks to Snakes         Tmut           #.......     100%        2    ###....
 Static Discharge         Conj/Air       #.......     100%        3    ####...
 Beastly Appendage        Tmut           #.....       100%        1    ##.....


Dungeon Overview and Level Annotations

Branches:
Dungeon (11/15)            Temple (0/1) D:4            Lair (0/6) D:10
    Orc (0/2) D:11

Altars:
Okawaru
Trog

Shops:
D:9 ?

Annotations:
D:2 Sigmund
D:11 Erica


Innate Abilities, Weirdness & Mutations

Your body is rotting away.
You thrive on raw meat.
You are immune to poison.
You have sharp fingernails.
You are carnivorous and can eat meat at any time.
Your flesh is cold resistant. (rC+)
You are immune to negative energy. (rN+++)
You do not regenerate when monsters are visible.
You are immune to unholy pain and torment.
You can survive without breathing.


Message History

Okay, then.
You feel yourself speed up.
The cyclops throws a large rock.
The large rock closely misses you.
The crimson imp hits you but does no damage.
You claw the crimson imp!
You kill the crimson imp!
Okawaru accepts your kill.
There is an open door here.
You see here 12 gold pieces.
A leopard gecko comes into view.
The leopard gecko hisses angrily.
Found a runed trident.
The cyclops shouts!
The cyclops throws a large rock.
The large rock hits you!!!
* * * LOW HITPOINT WARNING * * *
You see here a large rock.
Unknown command.
You feel better.
You feel better.
The cyclops throws a large rock.
The large rock hits you!!!
You die...

####### ......# ......####### #.
............# #. ............#
############ ###.
............####..........# #...
.....[.......C).@..(......# #...
....#######.##########l...####...
....#.....#.# #...l..[....
....#.....#.# #...........
....'.....#.# #...........
....#.....#.# #########..)..##
....#######.. .....#....)8....
............. )....#..(.).....
............. .........)......


You could see a cyclops and a leopard gecko.

Vanquished Creatures
  The ghost of wazuzu the Nimble, a journeyman GnWn of the Shining One (D:11)
  A hydra (D:11)
  A two-headed ogre (D:8)
  A deep elf mage (D:11)
  2 trolls
  Prince Ribbit (D:6)
  A hippogriff (D:10)
  2 wyverns (D:10)
  6 yaks (D:10)
  A wraith (D:10)
  Eustachio (D:6)
  A human (D:8)
  2 hungry ghosts
  A water moccasin (D:8)
  4 sky beasts
  5 orc warriors
  7 ice beasts
  2 phantoms
  3 ogres
  3 centaurs
  2 big kobolds
  4 bullfrogs
  2 scorpions
  3 killer bees (D:10)
  10 wights
  2 howler monkeys (D:8)
  5 crimson imps
  A centaur zombie (D:10)
  2 jellies
  5 orc wizards
  3 orc priests
  A bullfrog zombie (D:6)
  9 hounds
  2 centaur skeletons
  4 iguanas
  6 worker ants
  A hound zombie (D:8)
  2 river rats (D:6)
  10 adders
  4 shadow imps
  9 oozes
  6 worms
  A dart slug (D:1)
  15 leopard geckos
  34 orcs
  16 ball pythons
  16 giant cockroaches
  6 goblins
  5 hobgoblins
  2 jackals (D:3)
  3 quokkas
  4 bats
  16 frilled lizards
  A jackal skeleton (D:6)
  A jackal zombie (D:8)
  18 kobolds
  2 quokka skeletons
  A quokka zombie (D:4)
  6 rats
286 creatures vanquished.

Vanquished Creatures (others)
  3 plants (D:8)
3 creatures vanquished.

Grand Total: 289 creatures vanquished

Notes
Turn   | Place    | Note
-------+----------+-------------------------------------------
     0 | D:1      | PegasusDuck the Ghoul Gladiator began the quest for the Orb.
     0 | D:1      | Reached XP level 1. HP: 17/17 MP: 0/0
   403 | D:1      | Reached XP level 2. HP: 12/19 MP: 1/1
  1055 | D:2      | Reached XP level 3. HP: 16/26 MP: 2/2
  1295 | D:2      | Noticed Sigmund
  1443 | D:3      | Reached skill level 5 in Unarmed Combat
  1459 | D:3      | Found an iron altar of Okawaru.
  1476 | D:3      | Became a worshipper of Warmaster Okawaru
  1758 | D:3      | Reached XP level 4. HP: 32/36 MP: 3/3
  1824 | D:3      | Found a bloodstained altar of Trog.
  2480 | D:4      | Reached XP level 5. HP: 37/39 MP: 4/4
  2656 | D:4      | Found a staircase to the Ecumenical Temple.
  2767 | D:5      | Entered Level 5 of the Dungeon
  2929 | D:5      | Reached XP level 6. HP: 38/44 MP: 5/5
  3321 | D:5      | Reached * piety under Okawaru
  3868 | D:5      | You fall through a shaft for 2 floors!
  3874 | D:7      | Noticed an orc warrior
  3882 | D:7      | Noticed a sky beast
  4058 | D:6      | Noticed Eustachio
  4063 | D:6      | Killed Eustachio
  4063 | D:6      | Reached XP level 7. HP: 53/53 MP: 6/6
  4160 | D:6      | Reached skill level 10 in Unarmed Combat
  4173 | D:6      | Reached XP level 8. HP: 58/62 MP: 7/7
  4212 | D:6      | Reached ** piety under Okawaru
  4475 | D:6      | Noticed Prince Ribbit
  4687 | D:6      | Killed Prince Ribbit
  4687 | D:6      | Reached skill level 5 in Fighting
  4817 | D:6      | Found a glowing drain.
  4823 | Sewer    | Entered a sewer
  5487 | D:7      | Got a scorched bronze ring
  5520 | D:7      | Reached XP level 9. HP: 67/81 MP: 3/8
  5618 | D:7      | Identified the ring of Ygehi {+Inv rPois rC+ MR+} (You found it on level 7 of the Dungeon)
  5761 | D:7      | Reached *** piety under Okawaru
  5843 | D:7      | Reached skill level 2 in Throwing
  6082 | D:8      | Reached skill level 3 in Throwing
  6119 | D:8      | Reached skill level 4 in Throwing
  6130 | D:8      | Reached skill level 5 in Throwing
  6313 | D:8      | Noticed a two-headed ogre
  6356 | D:7      | Reached **** piety under Okawaru
  6356 | D:7      | Reached skill level 6 in Throwing
  6507 | D:8      | Killed a two-headed ogre
  6507 | D:8      | Received a gift from Okawaru
  6507 | D:8      | Reached skill level 7 in Throwing
  6507 | D:8      | Reached XP level 10. HP: 74/91 MP: 6/9
  6904 | D:9      | Found Vykhly's Magic Scroll Boutique.
  6906 | D:9      | Received a gift from Okawaru
  6906 | D:9      | Reached skill level 8 in Throwing
  7029 | D:9      | Bought a scroll of teleportation for 33 gold pieces
  7336 | D:9      | Got a brightly glowing ivory ring
  7678 | D:10     | Entered Level 10 of the Dungeon
  7680 | D:10     | Identified the ring of Xom's Whimsicality {rElec rF+ rC+ rN+ Stlth+} (You found it on level 9 of the Dungeon)
  7744 | D:10     | Reached skill level 9 in Throwing
  7876 | D:10     | Received a gift from Okawaru
  7937 | D:10     | Reached ***** piety under Okawaru
  7937 | D:10     | Received a gift from Okawaru
  7937 | D:10     | Reached skill level 10 in Throwing
  8249 | D:10     | Reached XP level 11. HP: 71/97 MP: 7/10
  8412 | D:10     | Received a gift from Okawaru
  8419 | D:10     | Reached skill level 11 in Throwing
  8473 | D:10     | Found a staircase to the Lair.
  8686 | D:11     | Noticed a fire dragon
  9248 | D:11     | Noticed a cyclops
  9248 | D:11     | Noticed a deep elf mage
  9248 | D:11     | Noticed a four-headed hydra
  9249 | D:11     | Noticed a two-headed ogre
  9278 | D:11     | Killed a deep elf mage
  9289 | D:11     | Killed a four-headed hydra
  9289 | D:11     | Received a gift from Okawaru
  9367 | D:11     | Reached skill level 12 in Throwing
  9408 | D:11     | Found a staircase to the Orcish Mines.
  9418 | D:11     | Noticed wazuzu's ghost (journeyman GnWn)
  9439 | D:11     | Killed wazuzu's ghost
  9439 | D:11     | Reached skill level 1 in Armour
  9439 | D:11     | Reached skill level 1 in Shields
  9639 | D:11     | Noticed Erica
  9645 | D:11     | Noticed a cyclops
  9679 | D:11     | Hit by a large rock thrown by a cyclops

Vault maps used:
D:1:      lemuel_arrival_tunnels
D:2:      first_ration, uniq_sigmund
D:3:      minmay_wonky_spiral, lemuel_coloured_pillars_altar, okawaru_trees_2
D:4:      cheibrodos_old_hovel, temple_doors_cd
D:6:      gup_sewer_entry_bubbles, st_stairs_1, minivault_24,
          uniq_prince_ribbit1, uniq_eustachio
D:8:      grunt_pizzeria, kennysheep_boxes
D:9:      serial_shops, nicolae_shop_temple_entry_statues_fountains
D:10:     lair_entry_dummy
D:11:     cheibrodos_fzero, david_orc_2, serial_shops,
          nicolae_shop_overgrown_old_shop, uniq_erica
Sewer:    sewer_frog_island_02

Skill      XL: |  1  2  3  4  5  6  7  8  9 10 11 |
---------------+----------------------------------+-----
Unarmed Combat | 4 5 6 7 8 10 | 10.0
Fighting       | 8 9 |  9.0
Throwing       | 7 10 12 | 12.0
Armour         | 1 |  1.5
Dodging        | 3 |  3.3
Shields        | 1 |  1.5

Action                   |  1- 3 |  4- 6 |  7- 9 | 10-12 || total
-------------------------+-------+-------+-------+-------++-------
Melee: Unarmed           |   117 |   153 |   464 |   378 ||  1112
       Punch             |       |     1 |       |       ||     1
 Fire: Blowgun           |       |       |       |     9 ||     9
Throw: Stone             |       |     4 |       |       ||     4
       Throwing net      |       |       |     3 |     1 ||     4
       Tomahawk          |       |       |     5 |    11 ||    16
       Javelin           |       |       |       |    11 ||    11
Invok: Heroism           |       |       |     2 |     3 ||     5
       Finesse           |       |       |       |     1 ||     1
Evoke: Wand              |       |     4 |     3 |       ||     7
  Use: Scroll            |     1 |    12 |     5 |     5 ||    23
       Potion            |       |       |     1 |     5 ||     6
 Stab: Held in net/web   |       |       |     2 |       ||     2
       Confused          |       |       |       |     2 ||     2
  Eat: Chunk             |     5 |    10 |    16 |    37 ||    68
Armor: Leather armour    |    25 |     5 |       |       ||    30
       Plate armour      |       |    50 |   220 |   217 ||   487
Dodge: Dodged            |    70 |    36 |   106 |   104 ||   316
Block: Buckler           |       |    11 |    40 |    41 ||    92

Table legend:
 A = Spawn XP
 B = Non-spawn XP
 C = Spawn XP percentage of total XP
 D = Spawn monster count
 E = Non-spawn monster count
 F = Spawn count percentage of total count
 G = Total turns spent on level
                    A         B        C        D         E        F      G
               +---------+---------+-------+---------+---------+-------+---------
         Total |       0 |   14448 |   0.0 |       0 |     286 |   0.0 |  9679
               +---------+---------+-------+---------+---------+-------+---------
           D:1 |       0 |      26 |   0.0 |       0 |      14 |   0.0 |   882
           D:2 |       0 |      31 |   0.0 |       0 |       7 |   0.0 |   506
           D:3 |       0 |      61 |   0.0 |       0 |      25 |   0.0 |   956
           D:4 |       0 |     136 |   0.0 |       0 |       7 |   0.0 |   423
           D:5 |       0 |     317 |   0.0 |       0 |      17 |   0.0 |  1101
           D:6 |       0 |    1172 |   0.0 |       0 |      27 |   0.0 |   866
           D:7 |       0 |     820 |   0.0 |       0 |      14 |   0.0 |   956
           D:8 |       0 |    2497 |   0.0 |       0 |      20 |   0.0 |   772
           D:9 |       0 |    1220 |   0.0 |       0 |      27 |   0.0 |   807
          D:10 |       0 |    3939 |   0.0 |       0 |      35 |   0.0 |  1438
          D:11 |       0 |    3942 |   0.0 |       0 |      30 |   0.0 |   563
         Sewer |       0 |     287 |   0.0 |       0 |      63 |   0.0 |   409
               +---------+---------+-------+---------+---------+-------+---------
